 Dungeon Crawl Stone Soup version 0.16-a0-3192-g4847bf6 (webtiles) character file.

6094 Miyamura the Thaumaturge (level 10, -8/60 HPs)
             Began as a Deep Elf Wizard on Dec 17, 2014.
             Was a Believer of Vehumet.
             Killed from afar by a manticore (22 damage)
             ... with a volley of spikes
             ... on level 11 of the Dungeon.
             The game lasted 01:39:53 (16895 turns).

Miyamura the Thaumaturge (Deep Elf Wizard)         Turns: 16895, Time: 01:39:53

Health: -8/60      AC:  7    Str:  4    XL:     10   Next: 58%
Magic:  13/32      EV: 18    Int: 25    God:    Vehumet [**....]
Gold:   519        SH:  0    Dex: 15    Spells: 8 memorised, 13 levels left

rFire  . . .     SeeInvis .     y - +2 dagger (venom) (curse)
rCold  . . .     Clarity  .     a - +0 robe
rNeg   . . .     SustAb   .     (no shield)
rPois  +         Gourm    .     b - +0 hat
rElec  .         Spirit   .     x - +1 cloak
rCorr  .         Warding  .     q - +2 pair of gloves (curse)
rMut   .         Stasis   .     (no boots)
MR     +....                    (no amulet)
Stlth  ++........               (no ring)
                                n - ring of poison resistance

@: manticore barbs, somewhat resistant to hostile enchantments, unstealthy
A: no striking features
a: Renounce Religion


You were on level 11 of the Dungeon.
You worshipped Vehumet.
Vehumet was pleased with you.
You were very hungry.

You visited 2 branches of the dungeon, and saw 14 of its levels.
You also visited: Sewer.

You collected 663 gold pieces.
You spent 144 gold pieces at shops.

Inventory:

Hand weapons
 y - a cursed +2 dagger of venom (weapon)
Armour
 a - a +0 robe (worn)
 b - a +0 hat (worn)
 j - a +1 helmet
 q - a cursed +2 pair of gloves (worn)
 x - a +1 cloak (worn)
 O - a +3 chain mail
Jewellery
 n - a ring of poison resistance (left hand)
 G - an uncursed amulet of guardian spirit {unknown}
Magical devices
 f - a wand of draining (0)
 C - a wand of lightning (4)
 F - a wand of flame (9)
 J - a wand of lightning (4)
 K - a wand of polymorph (0)
 P - a wand of polymorph (12)
Scrolls
 m - 4 scrolls of identify
 o - 4 scrolls of magic mapping
 t - 2 scrolls of remove curse
 v - a scroll of fog
 E - a scroll of random uselessness {unknown}
 H - a scroll of blinking {unknown}
 I - a scroll of vulnerability {unknown}
 N - a scroll of silence {unknown}
Potions
 e - 4 potions of restore abilities
 k - 2 potions of might
 l - a potion of mutation
 r - a potion of cancellation
 s - a potion of poison
 w - a potion of ambrosia
 z - 2 potions of flight
 A - 5 potions of curing
 B - 2 potions of magic
 D - 2 potions of haste
 L - a potion of agility {unknown}
 M - a potion of lignification {unknown}
Books
 c - a book of Minor Magic

   Spells                             Type                      Level
   a - Magic Dart                     Conjuration                  1
   b - Blink                          Translocation                2
   c - Call Imp                       Summoning                    2
   d - Repel Missiles                 Charms/Air                   2
   e - Slow                           Hexes                        2
   f - Conjure Flame                  Conjuration/Fire             3
   g - Mephitic Cloud                 Conjuration/Poison/Air       3
Comestibles
 d - 6 bread rations
 g - 3 meat rations


   Skills:
 + Level 6.0 Fighting
 + Level 9.2 Dodging
 - Level 2.4 Stealth
 + Level 10.7 Spellcasting
 + Level 8.8 Conjurations
 + Level 5.7 Summonings
 - Level 1.1 Translocations


You had 13 spell levels left.
You knew the following spells:

 Your Spells              Type           Power        Failure   Level  Hunger
a - Magic Dart            Conj           ####         1%          1    None
b - Blink                 Tloc           N/A          6%          2    None
c - Mephitic Cloud        Conj/Pois/Air  ####....     4%          3    None
d - Repel Missiles        Chrm/Air       ##....       10%         2    None
e - Slow                  Hex            ##......     10%         2    None
f - Call Imp              Summ           #####...     1%          2    None
g - Conjure Flame         Conj/Fire      #####...     1%          3    None
h - Throw Frost           Conj/Ice       #####.       1%          2    None


Dungeon Overview and Level Annotations

Branches:
Dungeon (13/15)            Temple (1/1) D:7            Lair (0/8) D:11
    Orc (0/4) D:9
 Vaults: D:13-14

Altars:
Ashenzari
Cheibriados
Dithmenos
Elyvilon
Fedhas
Gozag
Kikubaaqudgha
Makhleb
Nemelex Xobeh
Okawaru
Qazlal
Ru
Sif Muna
Trog
Vehumet
Xom
Yredelemnul
Zin
The Shining One

Shops:
D:6 ?   D:9 }   D:11 }%

Annotations:
D:3 Sigmund


Message History

Casting: Blink
Confirm with . or Enter, or press ? or * to list all spells.
You blink.
The manticore completely misses you. The manticore completely misses you.
The manticore barely misses you.
Casting: Blink
Confirm with . or Enter, or press ? or * to list all spells.
You blink.
The manticore flicks its tail.
The volley of spikes hits you!
The barbed spikes become lodged in your body.
The barbs in your skin will harm you if you move.
Continue?
The barbed spikes dig painfully into your body as you move.
The manticore flicks its tail.
The volley of spikes misses you.
The barbed spikes dig painfully into your body as you move.
* * * LOW HITPOINT WARNING * * *
The manticore flicks its tail.
The volley of spikes hits you!
The barbed spikes become lodged in your body.
You die...

...#
#............(...####.....
..5#
#...####(..Y..............
...# #...#
#(.Y......####...## ...#
#...# #.YY......# .. ...#
#...# #.H..######
...#####...# #..Y.#
...........####....#
...................#
................@..#
...#####...........# #..#
#..######...# #..# #..#
#...# # #..#####..# #...#
#.. #.....)...# #...#
#...# #.........# #...#
.....# #...#####.# #...#
#...#### #...# #.# #...#
#......


You could see a manticore and 5 yaks.

Vanquished Creatures
  Pikel (D:7)
  Joseph (D:8)
  2 trolls (D:10)
  A hungry ghost (D:9)
  2 ice beasts
  An eye of draining (D:10)
  2 orc warriors
  A sky beast (D:9)
  A phantom (D:6)
  3 centaurs
  2 ogres
  3 big kobolds
  7 giant frogs
  3 killer bees (D:8)
  4 scorpions
  2 goliath beetles
  2 crimson imps
  3 quasits
  A giant frog zombie (D:9)
  A giant frog skeleton (D:10)
  7 orc priests
  4 hounds
  4 jellies
  2 centaur skeletons
  7 orc wizards
  7 worker ants
  3 iguanas
  2 sheep (D:13)
  3 hound skeletons
  A mummy (D:6)
  A worker ant zombie (D:9)
  A river rat (Sewer)
  11 adders
  A shadow imp (D:5)
  4 worms
  4 giant mites
  An adder skeleton (D:7)
  13 giant geckos
  2 oozes (D:1)
  30 orcs
  9 ball pythons
  3 bat skeletons
  6 giant cockroaches
  12 hobgoblins
  16 kobolds
  5 quokkas
  15 bats
  A giant gecko zombie (D:7)
  2 giant newts
  2 giant spores
  18 goblins
  A goblin zombie (D:8)
  2 hobgoblin zombies (D:8)
  6 jackals
  2 kobold zombies (D:8)
  An orc skeleton (D:8)
  An orc zombie (D:8)
  A quokka skeleton (D:8)
  13 rats
  5 ballistomycetes
272 creatures vanquished.

Vanquished Creatures (collateral kills)
  Grinder (D:5)
  2 deep elf magi
  A steam dragon (D:7)
  A soldier ant (D:12)
  Menkaure (D:6)
  2 ice beasts (D:5)
  2 necrophages
  2 orc warriors
  2 centaurs
  A crocodile (D:8)
  2 ogres
  A scorpion (D:5)
  3 killer bees (D:8)
  The ghost of braks the Poker, a weakling DsGl (D:3)
  A hound (D:5)
  4 orc priests
  An iguana (D:5)
  A giant frog skeleton (D:11)
  3 orc wizards
  A worker ant (D:11)
  Robin (D:2)
  2 adders
  3 worms
  11 orcs
  A bat zombie (D:5)
  5 goblins (D:2)
  2 hobgoblins (D:2)
  A quokka (D:11)
  A bat (D:10)
  A giant newt (D:2)
  A jackal (D:2)
  3 kobolds
65 creatures vanquished.

Vanquished Creatures (others)
  46 crimson imps
  10 iron imps
  2 orc priests (D:7)
  A hound skeleton (D:7)
  13 shadow imps
  42 white imps
  5 giant spores (D:8)
119 creatures vanquished.

Grand Total: 456 creatures vanquished

Notes
Turn   | Place    | Note
--------------------------------------------------------------
     0 | D:1      | Miyamura, the Deep Elf Wizard, began the quest for the Orb.
     0 | D:1      | Reached XP level 1. HP: 10/10 MP: 6/6
   376 | D:1      | Reached XP level 2. HP: 14/16 MP: 5/10
   420 | D:1      | Learned a level 2 spell: Blink
   423 | D:1      | Learned a level 2 spell: Call Imp
   426 | D:1      | Learned a level 2 spell: Repel Missiles
   429 | D:1      | Learned a level 2 spell: Slow
  1074 | D:1      | Reached XP level 3. HP: 20/20 MP: 10/13
  1161 | D:1      | Reached skill level 1 in Fighting
  1515 | D:2      | Reached skill level 5 in Spellcasting
  1580 | D:2      | Learned a level 3 spell: Mephitic Cloud
  1942 | D:2      | Reached XP level 4. HP: 25/25 MP: 14/17
  2130 | D:2      | Noticed Robin
  2157 | D:2      | Killed Robin
  2596 | D:3      | Noticed Sigmund
  3162 | D:3      | Noticed braks' ghost (weakling DsGl)
  3249 | D:3      | Killed braks' ghost
  3249 | D:3      | Reached XP level 5. HP: 30/30 MP: 1/19
  3781 | D:4      | Found an iron altar of Okawaru.
  3900 | D:4      | Found a glowing drain.
  3904 | Sewer    | Entered a sewer
  4454 | Sewer    | Reached skill level 6 in Spellcasting
  4454 | Sewer    | Reached XP level 6. HP: 35/35 MP: 14/22
  5042 | D:5      | Entered Level 5 of the Dungeon
  5060 | D:5      | Reached XP level 7. HP: 40/40 MP: 21/24
  5601 | D:5      | Reached skill level 5 in Dodging
  5964 | D:5      | Reached skill level 7 in Spellcasting
  5964 | D:5      | Reached skill level 5 in Conjurations
  6147 | D:5      | Noticed Grinder
  6542 | D:5      | Paralysed by Grinder for 7 turns
  6546 | D:5      | Killed Grinder
  6546 | D:5      | Reached XP level 8. HP: 43/46 MP: 6/26
  7817 | D:6      | Noticed Menkaure
  7882 | D:6      | Reached skill level 8 in Spellcasting
  8374 | D:6      | Found Pnoonan's Magic Scroll Emporium.
  8377 | D:6      | Bought a scroll of teleportation for 36 gold pieces
  8377 | D:6      | Bought a scroll of identify for 24 gold pieces
  8377 | D:6      | Bought a scroll of identify for 24 gold pieces
  8379 | D:6      | Bought a scroll of identify for 24 gold pieces
  8379 | D:6      | Bought a scroll of teleportation for 36 gold pieces
  8773 | D:6      | Reached XP level 9. HP: 44/52 MP: 21/29
  8913 | D:6      | Killed Menkaure
  9420 | D:7      | Reached skill level 9 in Spellcasting
 10186 | D:7      | Noticed Pikel
 10216 | D:7      | Killed Pikel
 10216 | D:7      | Reached skill level 5 in Fighting
 10367 | D:7      | Found a staircase to the Ecumenical Temple.
 10376 | Temple   | Entered the Ecumenical Temple
 10462 | Temple   | Became a worshipper of Vehumet
 10467 | Temple   | Learned a level 3 spell: Conjure Flame
 10555 | D:8      | Noticed Joseph
 10592 | D:8      | Killed Joseph
 11798 | D:8      | Found a glowing golden altar of the Shining One.
 12465 | D:9      | Acquired Vehumet's first power
 12465 | D:9      | Offered knowledge of Sandblast by Vehumet.
 12676 | D:9      | Reached XP level 10. HP: 59/59 MP: 18/31
 12701 | D:9      | Found a stormy altar of Qazlal.
 12864 | D:9      | Reached skill level 10 in Spellcasting
 12982 | D:9      | Found a staircase to the Orcish Mines.
 13111 | D:9      | Found Xasatu's Gadget Shop.
 13595 | D:10     | Entered Level 10 of the Dungeon
 13844 | D:10     | Noticed a hill giant
 13852 | D:10     | Noticed a water nymph
 13852 | D:10     | a hill giant changed into a water nymph
 14109 | D:10     | Reached skill level 5 in Summonings
 14357 | D:10     | Found a basalt altar of Yredelemnul.
 14771 | D:10     | Offered knowledge of Throw Frost by Vehumet.
 14775 | D:10     | Learned a level 2 spell: Throw Frost
 15211 | D:11     | Found Vemah's Food Boutique.
 15370 | D:11     | Found a staircase to the Lair.
 15588 | D:11     | Noticed a manticore
 16142 | D:11     | Found Eqimni's Gadget Emporium.
 16216 | D:12     | Noticed a cyclops
 16380 | D:12     | Found a sacrificial altar of Ru.
 16767 | D:11     | Noticed a hill giant
 16895 | D:11     | Killed from afar by a manticore

Action                   |  1- 3 |  4- 6 |  7- 9 | 10-12 || total
-------------------------+-------+-------+-------+-------++-------
Melee: Dagger            |       |    36 |   155 |   130 ||   321
       Short sword       |       |     3 |       |       ||     3
 Cast: Magic Dart        |   112 |   164 |   383 |   207 ||   866
       Blink             |     1 |     2 |    24 |    53 ||    80
       Call Imp          |       |    36 |   122 |   114 ||   272
       Slow              |       |     3 |    26 |    21 ||    50
       Repel Missiles    |       |       |     7 |     3 ||    10
       Mephitic Cloud    |       |       |     1 |       ||     1
Evoke: Wand              |       |     1 |     7 |     6 ||    14
  Use: Scroll            |       |     7 |    12 |     4 ||    23
       Potion            |       |     3 |     1 |     3 ||     7
 Stab: Distracted        |       |     1 |     1 |     1 ||     3
       Sleeping          |       |       |     2 |       ||     2
  Eat: Chunk             |     3 |    10 |    18 |    10 ||    41
       Beef jerky        |       |       |     2 |       ||     2
       Fruit             |       |       |     1 |       ||     1
       Pizza             |       |       |       |     2 ||     2
